 Dungeon Crawl Stone Soup version 0.18.1-8-gdd0e5ea (webtiles) character file.

9969 Implojin the Grappler (level 11, -4/90 HPs)
             Began as a Mummy Monk on May 22, 2016.
             Slain by a sixfirhy (9 damage)
             ... summoned by an orc high priest
             ... on level 9 of the Dungeon.
             The game lasted 00:54:21 (22728 turns).

Implojin the Grappler (Mummy Monk)                 Turns: 22728, Time: 00:54:22

Health: -4/90      AC: 10    Str: 17    XL:     11   Next: 30%
Magic:  11/11      EV: 17    Int: 10    God:
Gold:   905        SH:  0    Dex: 15    Spells: 0 memorised, 10 levels left

rFire  x . .     SeeInvis .       - Unarmed
rCold  + . .     Gourm    .     (no armour)
rNeg   + + +     Faith    .     (no shield)
rPois  ∞         Spirit   .     i - +2 helmet
rElec  .         Dismiss  .     y - +2 cloak
rCorr  .         Reflect  .     C - +1 pair of gloves
SustAt .         Harm     .     (no boots)
MR     +....                    (no amulet)
Stlth  ++........               (no ring)
                                z - +2 ring of protection

@: about to teleport, somewhat resistant to hostile enchantments, unstealthy
A: no food or potions, fire vulnerability, cold resistance 1, negative energy
resistance 3, torment resistance, unbreathing
a: no special abilities


You were on level 9 of the Dungeon.
You were not hungry.

You visited 2 branches of the dungeon, and saw 13 of its levels.
You also visited: Ossuary.

You collected 905 gold pieces.

Inventory:

Armour
 e - a +0 pair of gloves
 i - a +2 helmet (worn)
 y - a +2 cloak (worn)
 C - a +1 pair of gloves (worn)
Rods
 w - a +0 rod of inaccuracy (9/9)
   (You found it on level 7 of the Dungeon)
Jewellery
 f - an uncursed amulet of dismissal {unknown}
 h - an uncursed amulet of harm {unknown}
 t - an uncursed amulet of magic regeneration {unknown}
 z - a +2 ring of protection (left hand)
Wands
 g - a wand of lightning (8/15)
 v - a wand of flame (12/48)
 x - a wand of polymorph (8/24)
 B - a wand of teleportation (4/9)
Scrolls
 b - 5 scrolls of recharging
 c - 4 scrolls of magic mapping
 d - a scroll of noise
 j - 4 scrolls of remove curse
 k - a scroll of amnesia {unknown}
 l - 3 scrolls of enchant weapon
 m - 3 scrolls of teleportation
 n - a scroll of immolation {unknown}
 u - 3 scrolls of fog
Potions
 o - a potion of berserk rage {unknown}
 p - a potion of cure mutation {unknown}
 q - 3 potions of heal wounds {unknown}
 r - a potion of agility {unknown}
 s - 2 potions of invisibility {unknown}
Comestibles
 a - 5 bread rations
 A - 10 royal jellies


   Skills:
 * Level 9.9 Fighting
 - Level 7.7 Dodging
 - Level 1.5 Stealth
 - Level 11.0 Unarmed Combat


You had 10 spell levels left.
You didn't know any spells.

Dungeon Overview and Level Annotations

Branches:
Dungeon (11/15)            Temple (0/1) D:7            Lair (0/8) D:11
    Orc (2/2) D:9
    Elf: Orc:2

Altars:
Cheibriados
Elyvilon
Gozag
Kikubaaqudgha
Qazlal
Ru
Sif Muna
Yredelemnul
The Shining One

Shops:
D:11 *

Annotations:
D:6 !black bear stairparked care, exclusion: 2 doors
D:7 exclusions: downstairs and upstairs
D:8 stone giant CARE
D:9 orc high priest by orc stairs, black bear parked
D:10 !ugly thing wandering care, exclusions: 2 doors and 2 downstairs
D:11 !orc warlord wandering
Orc:2 PoisonMushroom's ghost, journeyman MiBe


Innate Abilities, Weirdness & Mutations

You do not eat or drink.
Your flesh is vulnerable to fire.
You are immune to poison.
Your flesh is cold resistant.
You are immune to negative energy.
You are immune to unholy pain and torment.
You can survive without breathing.


Message History

You are unaffected.
You hit the orc high priest. You punch the orc high priest!
The orc high priest is lightly wounded.
The sixfirhy hits you but does no damage.
The hellwing completely misses you. The hellwing hits you.
The orc high priest barely misses you.
You hit the orc high priest.
The orc high priest is moderately wounded.
The hellwing hits you but does no damage.
The hellwing hits you!
You closely miss the orc high priest.
The orc high priest is moderately wounded.
The orc high priest barely misses you. The hellwing misses you.
The hellwing hits you.
You punch the orc high priest! Your punch misses the orc high priest.
The orc high priest is moderately wounded.
The sixfirhy barely misses you. The sixfirhy hits you! The sixfirhy shocks you!
* * * LOW HITPOINT WARNING * * *
The orc high priest hits you but does no damage.
The hellwing hits you.
* * * LOW HITPOINT WARNING * * *
The hellwing barely misses you.
Read which item? (? for menu, Esc to quit)
As you read the scroll of teleportation, it crumbles to dust.
You feel strangely unstable. The sixfirhy hits you!
* * * LOW HITPOINT WARNING * * *
The sixfirhy shocks you!
* * * LOW HITPOINT WARNING * * *
The sixfirhy hits you but does no damage.
The sixfirhy barely misses you. The sixfirhy hits you.
* * * LOW HITPOINT WARNING * * *
The sixfirhy shocks you!
* * * LOW HITPOINT WARNING * * *
The hellwing hits you!
* * * LOW HITPOINT WARNING * * *
The hellwing misses you. The sixfirhy hits you!
* * * LOW HITPOINT WARNING * * *
The sixfirhy shocks you!
You die...

....#####.......#######.#.#.#...#
........#.......##....'.#.#.#.###
....###.#..........####.....#.>.#
....# #.........#### #####'#####
##.## ###.......# #.<# ...#
##.###### ##.## .### #......#
#..# .###### #######+## #.##
......# #.>.....@### #.#
......###.......44o######.#####
..).....#........#....##......#
......#.#........####.##....o.# #
......#.#........# #..#......###
......#.'........# ##...........
......###........# ###......###
......# #...(....# #......#
##.#### #.....[..# ##.#####


You could see an orc high priest, a hellwing and a sixfirhy.

Vanquished Creatures
  2 hill giants
  2 cyclopes
  3 yaks
  A wyvern (D:10)
  A wraith (D:11)
  2 steam dragons (D:10)
  A hippogriff (D:8)
  2 hungry ghosts
  7 wargs
  A mottled dragon (D:11)
  A water moccasin (D:9)
  A necrophage (D:9)
  4 sky beasts
  10 orc warriors
  A black bear (D:9)
  3 ice beasts
  A wasp (D:10)
  An eye of draining (D:10)
  A phantom (D:8)
  3 centaurs
  2 ogres
  2 big kobolds
  10 giant frogs
  A scorpion (D:6)
  3 killer bees
  6 howler monkeys
  3 crimson imps
  6 centaur zombies (Ossuary)
  3 giant frog zombies
  7 jellies
  4 hounds
  6 orc priests
  2 giant frog skeletons
  2 centaur skeletons
  6 human zombies (Ossuary)
  5 iguanas
  11 orc wizards
  5 worker ants
  4 sheep (D:11)
  2 hound zombies
  2 hound skeletons
  3 mummies (Ossuary)
  Robin (D:2)
  4 gnolls
  16 adders
  5 oozes (D:10)
  4 worms
  2 dart slugs (D:3)
  4 giant geckos
  46 orcs
  9 bats
  A bat skeleton (D:8)
  5 bat zombies (D:8)
  7 giant cockroaches
  10 goblins
  11 hobgoblins
  7 jackals
  15 kobolds
  6 quokkas
  8 giant newts
  A jackal zombie (D:8)
  A quokka zombie (D:9)
  11 rats
317 creatures vanquished.

Vanquished Creatures (others)
  A shadow imp (D:10)
1 creature vanquished.

Grand Total: 318 creatures vanquished

Notes
Turn   | Place    | Note
--------------------------------------------------------------
     0 | D:1      | Implojin the Mummy Monk began the quest for the Orb.
     0 | D:1      | Reached XP level 1. HP: 18/18 MP: 1/1
   336 | D:1      | Reached XP level 2. HP: 18/24 MP: 2/2
   806 | D:1      | Reached skill level 4 in Unarmed Combat
  1042 | D:1      | Reached XP level 3. HP: 26/29 MP: 3/3
  2039 | D:2      | Reached XP level 4. HP: 22/35 MP: 4/4
  2155 | D:2      | Found a basalt altar of Yredelemnul.
  3196 | D:3      | Reached skill level 5 in Unarmed Combat
  3855 | D:3      | Reached XP level 5. HP: 41/41 MP: 5/5
  3933 | D:3      | Noticed Robin
  4080 | D:2      | Killed Robin
  5154 | D:4      | Reached skill level 6 in Unarmed Combat
  5306 | D:4      | Noticed an ogre
  5340 | D:4      | Reached XP level 6. HP: 45/47 MP: 6/6
  6069 | D:4      | Reached skill level 7 in Unarmed Combat
  6430 | D:5      | Entered Level 5 of the Dungeon
  6487 | D:5      | Reached XP level 7. HP: 51/52 MP: 7/7
  6536 | D:5      | Found a sand-covered staircase.
  6570 | Ossuary  | Entered an ossuary
  6628 | Ossuary  | Reached skill level 4 in Fighting
  7080 | Ossuary  | Reached skill level 5 in Fighting
  7362 | Ossuary  | Reached skill level 6 in Fighting
  7554 | D:5      | Reached XP level 8. HP: 38/65 MP: 8/8
  8251 | D:4      | Reached skill level 7 in Fighting
  8640 | D:5      | Reached skill level 3 in Dodging
  8935 | D:6      | Reached skill level 4 in Dodging
 10162 | D:6      | Found an opulent altar of Gozag.
 10262 | D:6      | Reached skill level 5 in Dodging
 10339 | D:6      | Found a glowing golden altar of the Shining One.
 10395 | D:7      | Found a snail-covered altar of Cheibriados.
 10822 | D:7      | Found a staircase to the Ecumenical Temple.
 10903 | D:7      | Reached skill level 6 in Dodging
 10903 | D:7      | Reached XP level 9. HP: 69/72 MP: 9/9
 11480 | D:8      | Noticed a hill giant
 11568 | D:8      | Found a stormy altar of Qazlal.
 11590 | D:8      | Found a deep blue altar of Sif Muna.
 11699 | D:8      | Reached skill level 7 in Dodging
 12050 | D:8      | Found a white marble altar of Elyvilon.
 12707 | D:8      | Found an ancient bone altar of Kikubaaqudgha.
 13738 | D:9      | Reached skill level 8 in Fighting
 13917 | D:8      | Noticed a cyclops
 14210 | D:8      | Killed a cyclops
 14438 | D:8      | Reached skill level 8 in Unarmed Combat
 14588 | D:8      | Reached XP level 10. HP: 62/80 MP: 10/10
 15320 | D:9      | Found a sacrificial altar of Ru.
 15845 | D:9      | Found a staircase to the Orcish Mines.
 15966 | D:10     | Entered Level 10 of the Dungeon
 15981 | D:10     | Noticed a purple ugly thing
 16140 | Orc:1    | Entered Level 1 of the Orcish Mines
 16314 | D:9      | Reached skill level 9 in Unarmed Combat
 16689 | Orc:2    | Entered Level 2 of the Orcish Mines
 16689 | Orc:2    | Noticed PoisonMushroom's ghost (journeyman MiBe)
 16813 | Orc:1    | Noticed an orc high priest
 16821 | Orc:1    | Noticed a soul eater
 16829 | Orc:1    | Noticed a soul eater
 16954 | Orc:1    | Noticed a smoke demon
 17251 | D:8      | Killed a hill giant
 17674 | D:9      | Reached skill level 9 in Fighting
 17867 | Orc:1    | Noticed a soul eater
 17878 | D:9      | Noticed a sun demon
 19044 | D:10     | Reached skill level 10 in Unarmed Combat
 20111 | D:11     | Found a staircase to the Lair.
 20111 | D:11     | Noticed a cyclops
 20150 | D:11     | HP: 4/83 [cyclops/large rock (25)]
 20679 | D:11     | Killed a cyclops
 20679 | D:11     | Reached XP level 11. HP: 57/89 MP: 11/11
 20775 | D:11     | Noticed a hill giant
 21587 | D:11     | Killed a hill giant
 21587 | D:11     | Reached skill level 11 in Unarmed Combat
 21863 | D:11     | Found Jokket's Elemental Accessories.
 22378 | D:11     | Noticed an orc warlord
 22391 | D:11     | jesus cristo
 22728 | D:9      | Slain by a sixfirhy

Skill      XL: |  1  2  3  4  5  6  7  8  9 10 11 |
---------------+----------------------------------+-----
Unarmed Combat | 4 5 6 7 8 10 11 | 11.0
Fighting       | 6 7 8 9 |  9.9
Dodging        | 6 7 |  7.7
Stealth        | |  1.5

Action                   |  1- 3 |  4- 6 |  7- 9 | 10-12 || total
-------------------------+-------+-------+-------+-------++-------
Melee: Unarmed           |   145 |   252 |   678 |   599 ||  1674
       Punch             |     3 |     9 |    22 |    37 ||    71
  Use: Scroll            |       |     8 |     9 |     6 ||    23
 Stab: Sleeping          |     5 |     8 |     4 |     5 ||    22
Armor: Skin              |       |    37 |   101 |    89 ||   227
Dodge: Dodged            |    84 |   142 |   415 |   381 ||  1022

Table legend:
 A = Turns spent in this place as a percentage of turns spent in the entire game.
 B = Non-inter-level travel turns spent in this place as a percentage of non-inter-level travel turns spent in the entire game.
 C = Inter-level travel turns spent in this place as a percentage of turns spent in this place.
 D = Turns resting spent in this place as a percentage of non-inter-level travel turns spent in this place.
 E = Turns spent auto-exploring this place as a percentage of non-inter-level travel turns spent in this place.
 F = Non-inter-level travel turns spent in this place divided by the number of levels of this place that you've seen.
                   A       B       C       D       E      F
               +-------+-------+-------+-------+-------+----------------------
         Total | 100.0 | 100.0 |   0.4 |   3.8 |   2.9 | 554.7
       Dungeon |  92.2 |  92.1 |   0.4 |   3.9 |   3.1 | 650.5
  Orcish Mines |   3.4 |   3.4 |   0.0 |   0.7 |   0.0 | 133.5
       Ossuary |   4.4 |   4.4 |   0.0 |   4.1 |   0.0 | 343.0
               +-------+-------+-------+-------+-------+----------------------

Table legend:
 A = Kills in this place as a percentage of kills in entire the game.
 B = Kills by you in this place as a percentage of kills by you in the entire game.
 C = Kills by friends in this place as a percentage of kills by friends in the entire game.
 D = Other kills in this place as a percentage of other kills in the entire game.
 E = Experience gained in this place as a percentage of experience gained in the entire game.
 F = Experience gained in this place divided by the number of levels of this place that you have seen.
                   A       B       C       D       E      F
               +-------+-------+-------+-------+-------+----------------------
         Total | 100.0 | 100.0 |  -nan |  -nan | 100.0 | 1017.3
       Dungeon |  92.4 |  92.4 |  -nan |  -nan |  95.4 | 1235.5
  Orcish Mines |   2.8 |   2.8 |  -nan |  -nan |   0.4 |  30.0
       Ossuary |   4.7 |   4.7 |  -nan |  -nan |   4.2 | 592.0
               +-------+-------+-------+-------+-------+----------------------
